NCAA
MISSOURI TIGERS @ ILLINOIS FIGHTING ILLINI
04/14/2027
 
TOP OF THE 1ST
Missouri Tigers batting - Pitching for Illinois Fighting Illini : LHP José Vera
Pitching: LHP José Vera
Batting: LHB Joe Hanson 0-0: Called Strike
0-1: Ball
1-1: Ball
2-1: Ball
3-1: Called Strike
3-2: Base on Balls
Batting: RHB Norman Dye 0-0: Foul Ball, location: 2F
0-1: Swinging Strike
0-2: Strikes out swinging
Batting: LHB William Harris 0-0: Called Strike
0-1: Ball
Joe Hanson steals 2nd base
1-1: Ball
2-1: Ball
3-1: SINGLE (Line Drive, 89M)
Joe Hanson to third
Runner from 3rd tries for Home, SAFE, no throw
Batting: RHB Sean White 0-0: Ball
1-0: Swinging Strike
1-1: Ball
2-1: Ball
3-1: Base on Balls
William Harris to second
Batting: RHB Raymond Kerr 0-0: Called Strike
0-1: Ball
1-1: Foul Ball, location: 2F
1-2: DOUBLE (Line Drive, 7LM)
William Harris scores
Sean White to third
Runner from 3rd tries for Home, SAFE, no throw
Batting: SHB Jim Flynn 0-0: Ball
1-0: Ball
2-0: Called Strike
2-1: Fly out, F3 (Line Drive, 3)
Batting: RHB Wesley Fuller 0-0: Called Strike
0-1: Hit by Pitch
Batting: LHB Joe Lowery 0-0: Ball
1-0: SINGLE (Groundball, 6D)
Raymond Kerr to third
Wesley Fuller to second
Runner from 3rd tries for Home, SAFE, no throw
Batting: RHB Francisco Alou 0-0: DOUBLE (Line Drive, 78D)
Wesley Fuller scores
Joe Lowery to third
Runner from 3rd tries for Home, throw and OUT!
Top of the 1st over - 5 run(s), 4 hit(s), 0 error(s), 1 left on base; Missouri 5 - Illinois 0
BOTTOM OF THE 1ST
Illinois Fighting Illini batting - Pitching for Missouri Tigers : RHP Shane Burt
Pitching: RHP Shane Burt
Batting: RHB Chris Carr 0-0: Ball
1-0: Called Strike
1-1: SINGLE (Groundball, 3D)
Batting: RHB Jon Foster 0-0: Swinging Strike
0-1: Called Strike
0-2: Ball
1-2: Grounds into double play, 4-6-3 (Groundball, 4)
Batting: RHB Benoît Vigneault 0-0: Foul Ball, location: 2F
0-1: Foul Ball, location: 2F
0-2: Foul Ball, location: 2F
0-2: Ball
1-2: Strikes out looking
Bottom of the 1st over - 0 run(s), 1 hit(s), 0 error(s), 0 left on base; Missouri 5 - Illinois 0
TOP OF THE 2ND
Missouri Tigers batting - Pitching for Illinois Fighting Illini : LHP José Vera
Batting: LHB Joe Hanson 0-0: Ball
1-0: Ball
2-0: Ball
3-0: Called Strike
3-1: SINGLE (Groundball, 34) (infield hit)
Batting: RHB Norman Dye 0-0: Ball
1-0: Called Strike
1-1: Swinging Strike
1-2: Foul Ball, location: 2F
1-2: Strikes out swinging
Batting: LHB William Harris 0-0: Called Strike
Joe Hanson steals 2nd base
0-1: Ball
1-1: Foul Ball, location: 2F
1-2: Foul Ball, location: 2F
1-2: Ball
2-2: SINGLE (Groundball, 56D)
Joe Hanson to third
Runner from 3rd tries for Home, SAFE, no throw
Batting: RHB Sean White 0-0: Called Strike
0-1: SINGLE (Line Drive, 89S)
William Harris to second
Batting: RHB Raymond Kerr 0-0: Ball
1-0: Foul Ball, location: 2F
1-1: Swinging Strike
1-2: Ball
2-2: SINGLE (Flyball, 78S)
William Harris to third
Sean White to second
Runner from 3rd tries for Home, SAFE, throw made home
Sean White to third
Raymond Kerr to second
Pitching: RHP Otis Buchanan
Batting: SHB Jim Flynn 0-0: Reached on error, E3 (Groundball, 34)
Sean White scores
Raymond Kerr to third
Batting: RHB Wesley Fuller 0-0: Ball
1-0: Foul Ball, location: 2F
Error on foul ball, E9
1-2: Ball
2-2: Ball
3-2: Base on Balls
Jim Flynn to second
Batting: LHB Joe Lowery 0-0: Ball
1-0: SINGLE (Line Drive, 8RS)
Raymond Kerr scores
Jim Flynn to third
Wesley Fuller to second
Runner from 3rd tries for Home, SAFE, throw made home
Batting: RHB Francisco Alou 0-0: Foul Ball, location: 2F
0-1: Ball
1-1: Foul Ball, location: 2F
1-2: Foul Ball, location: 2F
1-2: Foul Ball, location: 2F
1-2: Foul Ball, location: 2F
1-2: Ball
2-2: Fielders Choice at 2nd, 5-4 (Groundball, 56)
Wesley Fuller to third
Batting: LHB Joe Hanson 0-0: Called Strike
0-1: Ball
1-1: Ball
2-1: SINGLE (Line Drive, 4MD)
Wesley Fuller scores
Francisco Alou to second
Batting: RHB Norman Dye 0-0: SINGLE (Groundball, 56D) - runner OUT being hit by batted ball.
Top of the 2nd over - 6 run(s), 7 hit(s), 2 error(s), 1 left on base; Missouri 11 - Illinois 0
BOTTOM OF THE 2ND
Illinois Fighting Illini batting - Pitching for Missouri Tigers : RHP Shane Burt
Batting: LHB John Miller 0-0: Swinging Strike
0-1: SINGLE (Groundball, 6MD)
Batting: RHB Jesús Vélez 0-0: Ball
1-0: Foul Ball, location: 2F
1-1: Swinging Strike
1-2: Ball
2-2: Strikes out swinging
Batting: RHB Fernando Núñez 0-0: Called Strike
0-1: Foul Ball, location: 2F
0-2: Ball
1-2: Ball
2-2: Foul Ball, location: 2F
2-2: Foul Ball, location: 2F
2-2: Fielders Choice at 2nd, 6-4 (Groundball, 6M)
Batting: RHB Alonso Durán 0-0: Ball
Fernando Núñez steals 2nd base
1-0: SINGLE (Line Drive, 5D)
Fernando Núñez to third
Batting: RHB Ryan Draper 0-0: Called Strike
0-1: SINGLE (Line Drive, 6D)
Fernando Núñez scores
Alonso Durán to second
Batting: RHB Alfonso Reyes 0-0: Called Strike
0-1: Ball
1-1: Ball
2-1: Fielders Choice at 2nd, 6-4 (Groundball, 6)
Bottom of the 2nd over - 1 run(s), 3 hit(s), 0 error(s), 1 left on base; Missouri 11 - Illinois 1
TOP OF THE 3RD
Missouri Tigers batting - Pitching for Illinois Fighting Illini : RHP Otis Buchanan
Batting: LHB William Harris 0-0: Ball
1-0: Swinging Strike
1-1: Foul Ball, location: 2F
1-2: Ball
2-2: Ball
3-2: Fly out, F4 (Popup, 3D)
Batting: RHB Sean White 0-0: Called Strike
0-1: Swinging Strike
0-2: Ball
1-2: Ball
2-2: Foul Ball, location: 2F
2-2: Ball
3-2: SOLO HOME RUN (Flyball, 7D), Distance : 351 ft
Batting: RHB Raymond Kerr 0-0: Ball
1-0: Foul Ball, location: 2F
1-1: Ball
2-1: Swinging Strike
2-2: Ball
3-2: Strikes out swinging
Batting: SHB Jim Flynn 0-0: Ball
1-0: Ball
2-0: Ball
3-0: Base on Balls
Batting: RHB Wesley Fuller 0-0: Ball
1-0: Ball
2-0: Ball
3-0: Base on Balls
Jim Flynn to second
Batting: LHB Joe Lowery 0-0: Ball
1-0: Ball
2-0: Foul Ball, location: 2F
2-1: Foul Ball, location: 2F
2-2: Ball
3-2: Fly out, F6 (Popup, 6D)
Top of the 3rd over - 1 run(s), 1 hit(s), 0 error(s), 2 left on base; Missouri 12 - Illinois 1
BOTTOM OF THE 3RD
Illinois Fighting Illini batting - Pitching for Missouri Tigers : RHP Shane Burt
Batting: RHB Chris Carr 0-0: Called Strike
0-1: Ball
1-1: Fly out, F3 (Popup, 3S)
Batting: RHB Jon Foster 0-0: Ball
1-0: Foul Ball, location: 2F
1-1: Ball
2-1: Swinging Strike
2-2: Strikes out swinging
Batting: RHB Benoît Vigneault 0-0: Ball
1-0: Ground out 5-3 (Groundball, 56)
Bottom of the 3rd over - 0 run(s), 0 hit(s), 0 error(s), 0 left on base; Missouri 12 - Illinois 1
TOP OF THE 4TH
Missouri Tigers batting - Pitching for Illinois Fighting Illini : RHP Otis Buchanan
Pitching: RHP Jim Dudley
Batting: RHB Francisco Alou 0-0: Called Strike
0-1: Ball
1-1: Ball
2-1: Called Strike
2-2: Strikes out looking
Batting: LHB Joe Hanson 0-0: Called Strike
0-1: Foul Ball, location: 2F
0-2: Ground out 4-3 (Groundball, 4)
Batting: RHB Norman Dye 0-0: Called Strike
0-1: Called Strike
0-2: Ground out 6-3 (Groundball, 56)
Top of the 4th over - 0 run(s), 0 hit(s), 0 error(s), 0 left on base; Missouri 12 - Illinois 1
BOTTOM OF THE 4TH
Illinois Fighting Illini batting - Pitching for Missouri Tigers : RHP Shane Burt
Batting: LHB John Miller 0-0: Called Strike
0-1: Called Strike
0-2: Ball
1-2: Foul Ball, location: 2F
1-2: Ball
2-2: Ground out 4-3 (Groundball, 4)
Batting: RHB Jesús Vélez 0-0: Ball
1-0: Swinging Strike
1-1: Swinging Strike
1-2: Ball
2-2: Foul Ball, location: 2F
2-2: Strikes out swinging
Batting: RHB Fernando Núñez 0-0: Ball
1-0: Ground out 5-3 (Groundball, 56S)
Bottom of the 4th over - 0 run(s), 0 hit(s), 0 error(s), 0 left on base; Missouri 12 - Illinois 1
TOP OF THE 5TH
Missouri Tigers batting - Pitching for Illinois Fighting Illini : RHP Jim Dudley
Batting: LHB William Harris 0-0: Ball
1-0: Foul Ball, location: 2F
1-1: Fly out, F5 (Popup, 5D)
Batting: RHB Sean White 0-0: Ball
1-0: Called Strike
1-1: Swinging Strike
1-2: Foul Ball, location: 2F
1-2: Ball
2-2: Strikes out looking
Batting: RHB Raymond Kerr 0-0: Ball
1-0: Ground out 6-3 (Groundball, 6)
Top of the 5th over - 0 run(s), 0 hit(s), 0 error(s), 0 left on base; Missouri 12 - Illinois 1
BOTTOM OF THE 5TH
Illinois Fighting Illini batting - Pitching for Missouri Tigers : RHP Shane Burt
Batting: RHB Alonso Durán 0-0: Ball
1-0: Foul Ball, location: 2F
1-1: Ball
2-1: Ball
3-1: Base on Balls
Batting: RHB Ryan Draper 0-0: Ball
1-0: Fly out, F9 (Flyball, 9LM)
Batting: RHB Alfonso Reyes 0-0: Ball
1-0: Ball
2-0: Ball
3-0: Base on Balls
Alonso Durán to second
Batting: RHB Chris Carr Pickoff Throw to Second - Out!
0-0: Fly out, F8 (Flyball, 78D)
Bottom of the 5th over - 0 run(s), 0 hit(s), 0 error(s), 1 left on base; Missouri 12 - Illinois 1
TOP OF THE 6TH
Missouri Tigers batting - Pitching for Illinois Fighting Illini : RHP Jim Dudley
Batting: SHB Jim Flynn 0-0: Ball
1-0: Ball
2-0: Ground out 6-3 (Groundball, 6M)
Batting: RHB Wesley Fuller 0-0: Ground out 4-3 (Groundball, 4)
Batting: LHB Joe Lowery 0-0: Ball
1-0: SINGLE (Groundball, 4D)
Batting: RHB Francisco Alou 0-0: Foul Ball, location: 2F
0-1: Ball
1-1: Ball
2-1: Reached on error, E7 (Line Drive, 78XD)
Joe Lowery to third
Batting: LHB Joe Hanson 0-0: Called Strike
0-1: Foul Ball, location: 2F
0-2: Ball
1-2: Foul Ball, location: 2F
1-2: SINGLE (Groundball, 56D)
Joe Lowery scores
Francisco Alou to third
Runner from 3rd tries for Home, SAFE, no throw
Batting: RHB Norman Dye 0-0: Ball
1-0: Ball
Joe Hanson steals 2nd base
2-0: Called Strike
2-1: Fly out, F8 (Line Drive, 78D)
Top of the 6th over - 2 run(s), 2 hit(s), 1 error(s), 1 left on base; Missouri 14 - Illinois 1
BOTTOM OF THE 6TH
Illinois Fighting Illini batting - Pitching for Missouri Tigers : RHP Shane Burt
Batting: RHB Jon Foster 0-0: Ball
1-0: SINGLE (Groundball, 6MD)
Batting: RHB Benoît Vigneault 0-0: Ball
Jon Foster steals 2nd base
1-0: Fly out, F3 (Line Drive, 34)
Batting: LHB John Miller 0-0: Ball
1-0: Foul Ball, location: 2F
1-1: Ball
2-1: Foul Ball, location: 2F
2-2: Ball
3-2: Base on Balls
Pitching: RHP Michel Bernatchez
Batting: RHB Jesús Vélez 0-0: Foul Ball, location: 2F
0-1: Fly out, F7 (Flyball, 7)
Batting: RHB Fernando Núñez 0-0: Called Strike
0-1: Swinging Strike
0-2: Strikes out looking
Bottom of the 6th over - 0 run(s), 1 hit(s), 0 error(s), 2 left on base; Missouri 14 - Illinois 1
TOP OF THE 7TH
Missouri Tigers batting - Pitching for Illinois Fighting Illini : RHP Jim Dudley
Batting: LHB William Harris 0-0: Called Strike
0-1: Swinging Strike
0-2: Strikes out swinging
Batting: RHB Sean White 0-0: Ball
1-0: Ball
2-0: SINGLE (Groundball, 56S) (infield hit)
Batting: RHB Raymond Kerr 0-0: Ball
1-0: Ball
2-0: Foul Ball, location: 2F
2-1: Ball
3-1: Base on Balls
Sean White to second
Pitching: RHP Ray Ray
Batting: SHB Jim Flynn 0-0: Ball
1-0: Called Strike
1-1: Ball
2-1: Ball
3-1: Base on Balls
Sean White to third
Raymond Kerr to second
Batting: RHB Wesley Fuller 0-0: Ball
1-0: Ball
2-0: Ball
3-0: Base on Balls
Sean White scores
Raymond Kerr to third
Jim Flynn to second
Batting: LHB Joe Lowery 0-0: Swinging Strike
0-1: Ball
1-1: Ball
2-1: Ball
3-1: Foul Ball, location: 2F
3-2: SINGLE (Flyball, 78S)
Raymond Kerr scores
Jim Flynn to third
Wesley Fuller to second
Batting: RHB Francisco Alou 0-0: Ball
1-0: Ball
2-0: Ball
3-0: Called Strike
3-1: Base on Balls
Jim Flynn scores
Wesley Fuller to third
Joe Lowery to second
Batting: LHB Joe Hanson 0-0: Ball
1-0: Ball
2-0: Fly out, F7 (Flyball, 7S)
Batting: RHB Norman Dye 0-0: SINGLE (Flyball, 78M)
Wesley Fuller scores
Joe Lowery to third
Francisco Alou to second
Runner from 3rd tries for Home, SAFE, no throw
Pitching: LHP Alonso Medina
Batting: LHB William Harris 0-0: Ball
1-0: Called Strike
1-1: Ball
2-1: SINGLE (Flyball, 4D)
Francisco Alou to third
Norman Dye to second
Batting: RHB Sean White 0-0: Ball
1-0: Ground out 6-3 (Groundball, 6M)
Top of the 7th over - 5 run(s), 4 hit(s), 0 error(s), 3 left on base; Missouri 19 - Illinois 1
BOTTOM OF THE 7TH
Illinois Fighting Illini batting - Pitching for Missouri Tigers : RHP Michel Bernatchez
Batting: RHB Alonso Durán 0-0: Called Strike
0-1: Ball
1-1: Swinging Strike
1-2: Fly out, F8 (Flyball, 8LD)
Batting: RHB Ryan Draper 0-0: Ground out 5-3 (Groundball, 5L)
Batting: RHB Alfonso Reyes 0-0: Called Strike
0-1: Foul Ball, location: 2F
0-2: Strikes out looking
Bottom of the 7th over - 0 run(s), 0 hit(s), 0 error(s), 0 left on base; Missouri 19 - Illinois 1
TOP OF THE 8TH
Missouri Tigers batting - Pitching for Illinois Fighting Illini : LHP Alonso Medina
Batting: RHB Raymond Kerr 0-0: Ball
1-0: Called Strike
1-1: Called Strike
1-2: Fly out, F4 (Popup, 34D)
Batting: SHB Jim Flynn 0-0: Swinging Strike
0-1: Foul Ball, location: 2F
0-2: Strikes out swinging
Batting: RHB Wesley Fuller 0-0: Swinging Strike
0-1: Foul Ball, location: 2F
0-2: Ball
1-2: Ball
2-2: Ball
3-2: Strikes out swinging
Top of the 8th over - 0 run(s), 0 hit(s), 0 error(s), 0 left on base; Missouri 19 - Illinois 1
BOTTOM OF THE 8TH
Illinois Fighting Illini batting - Pitching for Missouri Tigers : RHP Michel Bernatchez
Batting: RHB Chris Carr 0-0: Called Strike
0-1: Ball
1-1: Ball
2-1: Swinging Strike
2-2: Strikes out looking
Batting: RHB Jon Foster 0-0: DOUBLE (Line Drive, 89M)
Batting: RHB Benoît Vigneault 0-0: Swinging Strike
0-1: Ball
1-1: Foul Ball, location: 2F
1-2: Ground out 6-3 (Groundball, 6)
Batting: LHB John Miller 0-0: Ball
1-0: Called Strike
1-1: Fly out, F2 (Popup, 56S)
Bottom of the 8th over - 0 run(s), 1 hit(s), 0 error(s), 1 left on base; Missouri 19 - Illinois 1
TOP OF THE 9TH
Missouri Tigers batting - Pitching for Illinois Fighting Illini : LHP Alonso Medina
Batting: LHB Joe Lowery 0-0: Called Strike
0-1: Foul Ball, location: 2F
0-2: Ball
1-2: Ball
2-2: Ball
3-2: Foul Ball, location: 2F
3-2: Base on Balls
Batting: RHB Francisco Alou 0-0: Called Strike
0-1: Ball
1-1: Foul Ball, location: 2F
1-2: Foul Ball, location: 2F
1-2: Ball
2-2: Ball
3-2: Strikes out swinging
Batting: LHB Joe Hanson 0-0: Ball
1-0: Ball
2-0: Called Strike
2-1: SINGLE (Groundball, 3D)
Joe Lowery to second
Runner from 2nd tries for 3rd, OUT!
Joe Hanson to second
Batting: RHB Norman Dye 0-0: Ball
1-0: Fly out, F8 (Flyball, 78M)
Top of the 9th over - 0 run(s), 1 hit(s), 0 error(s), 1 left on base; Missouri 19 - Illinois 1
BOTTOM OF THE 9TH
Illinois Fighting Illini batting - Pitching for Missouri Tigers : RHP Michel Bernatchez
Batting: RHB Jesús Vélez 0-0: Ground out 5-3 (Groundball, 56)
Batting: RHB Fernando Núñez 0-0: Foul Ball, location: 2F
0-1: Ball
1-1: Swinging Strike
1-2: Strikes out swinging
Pinch Hitting: SHB Shannon Cline 0-0: Ball
1-0: Called Strike
1-1: Swinging Strike
1-2: Strikes out looking
Bottom of the 9th over - 0 run(s), 0 hit(s), 0 error(s), 0 left on base; Missouri 19 - Illinois 1
Thursday, March 30th, 2017 - OOTP Baseball 17.12 Build 75